 Dungeon Crawl Stone Soup version 0.31-a0-1469-gd420192249 (webtiles) character file.

Game seed: 16831337221051356516

113 jakemcteezy the Trooper (level 4, -5/42 HPs)
             Began as a Draconian Berserker on Nov 19, 2022.
             Was a Believer of Trog.
             Slain by a gnoll
             ... wielding a +0 whip
              (8 damage)
             ... on level 3 of the Dungeon on Dec 28, 2023.
             The game lasted 00:16:57 (2147 turns).

jakemcteezy the Trooper (Draconian Berserker)       Turns: 2147, Time: 00:16:58

Health: -5/42      AC:  5    Str: 22    XL:     4   Next: 65%
Magic:  4/4        EV: 13    Int:  7    God:    Trog [**....]
Gold:   140        SH:  0    Dex: 10    Spells: 3/3 levels left

rFire   . . .        c - +1 falchion (elec)
rCold   . . .        (no shield)
rNeg    . . .        (body armour unavailable)
rPois   .            (helmet restricted)
rElec   .            (no cloak)
rCorr   .            (no gloves)
SInv    .            (no boots)
Will    .....        (no amulet)
Stlth   +            (no ring)
HPRegen 0.27/turn    (no ring)
MPRegen 0.09/turn

%: no passive effects
@: no status effects
A: AC +5, unfitting armour, cold-blooded
a: Renounce Religion, Berserk, Trog's Hand


You were on level 3 of the Dungeon.
You worshipped Trog.
Trog was pleased with you.
You visited 1 branch of the dungeon, and saw 3 of its levels.

You collected 140 gold pieces.

Inventory:

Hand Weapons
 a - a +0 falchion
 c - a +1 falchion of electrocution (weapon)
 f - a +0 vampiric spear
Missiles
 e - 2 poisoned darts (quivered)
Scrolls
 d - a scroll of identify
 i - a scroll of butterflies
 j - a scroll of vulnerability {unknown}
Potions
 b - a potion of attraction
 g - a potion of curing
 h - a potion of mutation {unknown}
 k - a potion of degeneration {unknown}


   Skills:
 + Level 5.2 Fighting
 + Level 3.2(4.5) Short Blades
 + Level 4.8(5.3) Long Blades
 + Level 4.2 Dodging
 + Level 0.5 Stealth
 + Level 2.1 Unarmed Combat


You had 3 spell levels left.
You didn't know any spells.
Your spell library contained the following spells:

 Spells                   Type           Power      Damage    Failure   Level
 Sublimation of Blood     Necr           0%         N/A       56%         2
 Dazzling Flash           Conj/Hex       0%         N/A       80%         3
 Fugue of the Fallen      Necr           0%         N/A       80%         3
 Iskenderun's Mystic Bla  Conj/Tloc      0%         2d3       99%         4
 Starburst                Conj/Fire      0%         6d3       100%        6
 Summon Hydra             Summ           0%         N/A       100%        7


Dungeon Overview and Level Annotations

Branches:
Dungeon (3/15)

Altars:
Cheibriados


Innate Abilities, Weirdness & Mutations

Your plain brown scales are hard. (AC +5)
You cannot fit into any form of body armour.
You are cold-blooded and may be slowed by cold attacks.


Message History

The gnoll hits your butterfly with a +0 spear!
Your butterfly dies!
Your butterfly disappears in a burst of colours!
The gnoll misses your butterfly.
You swap places.
The gnoll hits your butterfly with a +0 spear!
Your butterfly dies!
Your butterfly disappears in a burst of colours!
You see here an adder corpse.
Something misses your butterfly.
Your butterfly disappears in a burst of colours!
The gnoll misses your butterfly.
Your butterfly disappears in a burst of colours!
The gnoll attacks as it pursues you!
The gnoll hits you from afar with a +0 spear.
The gnoll attacks as it pursues you! The gnoll closely misses you.
The gnoll attacks as it pursues you! The gnoll completely misses you.
The gnoll hits you from afar with a +0 spear!
* * * LOW HITPOINT WARNING * * *
The gnoll barely misses you. The gnoll barely misses you.
The gnoll attacks as it pursues you! The gnoll hits you but does no damage.
The gnoll hits you from afar with a +0 spear!
* * * LOW HITPOINT WARNING * * *
The gnoll hits you from afar with a +0 spear.
* * * LOW HITPOINT WARNING * * *
The gnoll hits you but does no damage. The gnoll misses you.
You slash the gnoll! Lightning courses through the gnoll!
You kill the gnoll!
Trog accepts your kill.
The gnoll hits you from afar with a +0 spear.
* * * LOW HITPOINT WARNING * * *
The gnoll misses you. x2
You hit the gnoll but do no damage. The gnoll misses you.
The gnoll barely misses you.
You hit the gnoll. You punch the gnoll.
The gnoll is heavily wounded.
The gnoll closely misses you. The gnoll hits you with a +0 whip!
You die...

##...###...###...###...#
......................#
......................#
......................#
##...###...###...###..#
#...# #...# #...# #..#
##...# #...###...###..#
......................#
.............)..@g....#
#####.#####.######g####
#####.# #.# #.# ...##.#
#.#### #.# #....###g#
#..g.g...# #....##### ##
#.#.## .# ####.#.#


You could see 2 gnolls.

Vanquished Creatures
  A gnoll (D:3)
  3 adders
  An orc (D:3)
  7 endoplasms
  2 giant cockroaches
  6 goblins
  7 hobgoblins
  2 jackals (D:2)
  A quokka (D:2)
  7 ball pythons
  4 bats
  3 frilled lizards
  11 kobolds
  6 rats
61 creatures vanquished.

Notes
Turn   | Place    | Note
-------+----------+-------------------------------------------
     0 | D:1      | jakemcteezy the Draconian Berserker began the quest for the
                  | Orb.
     0 | D:1      | Reached XP level 1. HP: 19/19 MP: 1/1
   117 | D:1      | Reached skill level 5 in Fighting
   117 | D:1      | Reached XP level 2. HP: 29/29 MP: 2/2
   843 | D:2      | Reached XP level 3. HP: 31/36 MP: 3/3
  1050 | D:2      | Reached ** piety under Trog
  1100 | D:2      | Found a snail-covered altar of Cheibriados.
  1292 | D:2      | Reached XP level 4. HP: 42/42 MP: 4/4
  1856 | D:3      | Upgraded the game from 0.30-a0-368-g86fb4627a9 to
                  | 0.31-a0-1469-gd420192249
  2145 | D:3      | HP: 2/42 [gnoll/+0 spear (5)]
  2147 | D:3      | Slain by a gnoll

Illustrated notes

Levels and vault maps discovered:
D:1:      grunt_arrival_crossed_arrows, layout_loops_ring, minmay_distorted
D:2:      minmay_spotlight, layout_loops_ring, basic_altar,
          grunt_decor_fettered, lexackson_kobold_supper
D:3:      layout_loops_ring, nzn_hepliaklqana_mist_gate, zin_purify,
          grunt_temple_overflow_open, kennysheep_boxes

Skill      XL: |  1 |
---------------+----+-----
Fighting       | 5 |  5.2
Short Blades   | 3 |  3.2
Long Blades    | 4 |  4.8
Dodging        | 4 |  4.2
Unarmed Combat | 2 |  2.1
Stealth        | |  0.5

Action                     |  1- 3 |  4- 6 || total
---------------------------+-------+-------++-------
  Melee: Falchion          |    70 |   111 ||   181
         Tailslap          |     5 |    21 ||    26
         Punch             |     1 |     2 ||     3
  Throw: Dart              |     4 |     1 ||     5
 Invoke: Berserk           |     4 |     2 ||     6
    Use: Scroll            |     5 |     4 ||     9
         Potion            |     1 |     1 ||     2
 Armour: Skin              |    27 |    31 ||    58
  Dodge: Dodged            |    70 |    52 ||   122

Table legend: (Time is in decaauts)
 A = Elapsed time spent in this place.
 B = Non-inter-level travel time spent in this place.
 C = Inter-level travel time spent in this place.
 D = Time resting spent in this place.
 E = Time spent auto-exploring this place.
 F = Levels seen in this place.
 G = Mean time per level.
                   A        B        C        D        E       F      G
               +--------+--------+--------+--------+--------+-----+--------+
         Total |   2220 |   2209 |     11 |    100 |      0 |   3 |  740.0 |
       Dungeon |   2220 |   2209 |     11 |    100 |      0 |   3 |  740.0 |
               +--------+--------+--------+--------+--------+-----+--------+

Top non-repeatable levels by time:
     D:2: 1086 daAuts
     D:1: 840 daAuts
     D:3: 293 daAuts
